 Dungeon Crawl Stone Soup version 0.30-a0-777-ga9a30cbeda (webtiles) character file.

Game seed: 10180177676693487628

2115722 freelancePsychic the Slayer (level 27, 266/266 HPs)
             Began as a Black Draconian Enchanter on Feb 9, 2023.
             Was the Champion of Ru.
             Escaped with the Orb
             ... and 4 runes on Feb 13, 2023!
             The game lasted 02:52:21 (83467 turns).

freelancePsychic the Slayer (DrEn)                 Turns: 83467, Time: 02:52:21

Health: 266/266    AC: 18    Str: 11    XL:     27
Magic:  33/42      EV: 36    Int: 34    God:    Ru [******]
Gold:   3351       SH: 12    Dex: 27    Spells: 19/56 levels left

rFire   + + +      SeeInvis +    a - +9 demon blade (freeze)
rCold   + . .      Faith    .    y - +3 warlock's mirror {omnireflect}
rNeg    + . .      Spirit   .    (body armour unavailable)
rPois   .          Reflect  +    j - +2 hat {SInv}
rElec   +          Harm     .    w - +1 cloak of the Guilds {rF+ Dex+5}
rCorr   +          Rampage  .    G - +2 pair of gloves
Will    +....                    D - +2 pair of boots Stlth
                                 T - amulet of regeneration
HPRegen 2.24/turn                L - ring "Riohuh" {rF++ rCorr Str-2 Int+3 Dex+6}
MPRegen 0.28/turn                H - ring "Hiatukh" {rC+ rN+ Int+6}

@: flying, studying 2 skills
A: breathe lightning, AC +13, unfitting armour, big wings, electricity
resistance, cold-blooded, inability to drink after injury 2, no stealth,
inability to use devices, reduced AC 1, weak-willed 1, thin skeletal structure
1, regeneration 1
0: Orb of Zot
}: 4/15 runes: decaying, serpentine, slimy, abyssal
a: Breathe Lightning, Renounce Religion, Draw Out Power, Power Leap, Apocalypse


You escaped.
You worshipped Ru.
Ru was exalted by your worship.
You visited 11 branches of the dungeon, and saw 54 of its levels.
You visited the Abyss 1 time.
You visited 1 bazaar.
You also visited: Bailey and Volcano.

You collected 9244 gold pieces.
You spent 5893 gold pieces at shops.

Inventory:

Hand Weapons
 a - a +9 demon blade of freezing (weapon)
Missiles
 p - 87 poisoned darts
 x - 6 throwing nets
Armour
 j - a +2 hat of see invisible (worn)
 w - the +1 cloak of the Guilds (worn) {rF+ Dex+5}
   (You bought it in a shop on level 3 of the Dungeon)

   Dex:       It affects your dexterity (+5).
   rF:        It protects you from fire.
 y - the +3 warlock's mirror (worn) {omnireflect}
   (You took it off a kobold demonologist in a bailey)

   Omnireflect: It can block and reflect piercing ranged attacks and magical
   attacks against the wielder's willpower.
 D - a +2 pair of boots (worn)
 G - a +2 pair of gloves (worn)
Jewellery
 u - the ring of the King {rPois rC- Will- Str+9 Dex+6}
   (You found it on level 5 of the Dungeon)

   [ring of dexterity]

   Str:       It affects your strength (+9).
   Dex:       It affects your dexterity (+6).
   rC:        It makes you vulnerable to cold.
   rPois:     It protects you from poison.
   Will:      It decreases your willpower.
 F - a ring of poison resistance
 H - the ring "Hiatukh" (right hand) {rC+ rN+ Int+6}
   (You found it on level 3 of the Crypt)

   [ring of positive energy]

   Int:       It affects your intelligence (+6).
   rC:        It protects you from cold.
   rN:        It protects you from negative energy.
 L - the ring "Riohuh" (left hand) {rF++ rCorr Str-2 Int+3 Dex+6}
   (You bought it in a shop on level 2 of the Orcish Mines)

   [ring of dexterity]

   Str:       It affects your strength (-2).
   Int:       It affects your intelligence (+3).
   Dex:       It affects your dexterity (+6).
   rF:        It greatly protects you from fire.
   rCorr:     It protects you from acid and corrosion.
 N - a ring of willpower
 R - a ring of magical power
 S - a +4 ring of protection
 T - an amulet of regeneration (around neck)
 U - a ring of resist corrosion
 V - a ring of protection from fire
 W - a ring of wizardry
 X - a ring of wizardry
 Y - a ring of ice
 Z - a +5 ring of evasion
Scrolls
 b - 6 scrolls of immolation
 c - 7 scrolls of poison
 d - 7 scrolls of vulnerability
 e - 6 scrolls of silence
 g - 2 scrolls of enchant weapon
 k - 20 scrolls of teleportation {@r4}
 m - 8 scrolls of amnesia
 v - 5 scrolls of torment
 B - 19 scrolls of fog
 C - 7 scrolls of enchant armour
 E - 2 scrolls of brand weapon
 J - 9 scrolls of blinking
 M - 7 scrolls of fear
 O - 33 scrolls of identify {@r1}
 Q - 5 scrolls of magic mapping
Potions
 f - 7 potions of might
 h - 7 potions of cancellation
 i - 22 potions of curing {@q1}
 l - 7 potions of haste {@q3}
 n - 3 potions of berserk rage
 o - 3 potions of invisibility
 q - 11 potions of flight
 r - 11 potions of attraction
 s - 19 potions of heal wounds {@q2}
 t - 9 potions of lignification
 z - 11 potions of mutation
 A - 10 potions of magic
 I - 2 potions of resistance
 K - 8 potions of brilliance
 P - 4 potions of ambrosia


   Skills:
 + Level 25.2 Fighting
 - Level 1.6(9.1) Short Blades
 - Level 13.9(14.0) Long Blades
 - Level 1.8 Maces & Flails
 + Level 23.1 Dodging
 - Level 12.0 Shields
 - Level 15.0 Spellcasting
 - Level 5.7 Hexes
 - Level 23.9 Summonings
 - Level 8.8 Translocations
 - Level 3.7 Air Magic
 - Level 8.6 Poison Magic


You had 19 spell levels left.
You knew the following spells:

 Your Spells              Type           Power      Damage    Failure   Level
a - Monstrous Menagerie   Summ           56%        N/A       1%          7
b - Summon Cactus Giant   Summ           56%        N/A       0%          6
c - Summon Horrible Thin  Summ           56%        N/A       1%          8
d - Malign Gateway        Summ/Tloc      47%        N/A       1%          7
e - Poisonous Vapours     Pois/Air       100%       N/A       1%          2
f - Tukima's Dance        Hex            59%        N/A       1%          3
g - Olgreb's Toxic Radia  Pois           71%        N/A       1%          4

Your spell library contained the following spells:

 Spells                   Type           Power      Damage    Failure   Level
 Summon Small Mammal      Summ           100%       N/A       0%          1
 Call Imp                 Summ           100%       N/A       0%          2
 Call Canine Familiar     Summ           100%       N/A       0%          3
 Summon Guardian Golem    Hex/Summ       90%        N/A       0%          3
 Apportation              Tloc           100%       N/A       1%          1
 Foxfire                  Conj/Fire      100%       2x1d9     1%          1
 Freeze                   Ice            100%       1d10      1%          1
 Magic Dart               Conj           100%       1d8       1%          1
 Sandblast                Erth           50%        2d12      1%          1
 Sting                    Tmut/Pois      100%       1d8       1%          1
 Blink                    Tloc           100%       N/A       1%          2
 Cigotuvi's Dreadful Rot  Necr/Pois/Air  100%       N/A       1%          2
 Ensorcelled Hibernation  Hex/Ice        88%        N/A       1%          2
 Lesser Beckoning         Tloc           100%       N/A       1%          2
 Momentum Strike          Conj/Tloc      100%       3d10      1%          2
 Confusing Touch          Hex            59%        N/A       1%          3
 Dazzling Flash           Conj/Hex       88%        N/A       1%          3
 Gell's Gravitas          Tloc           72%        N/A       1%          3
 Ignite Poison            Fire/Tmut/Pois 45%        N/A       1%          3
 Inner Flame              Hex/Fire       44%        N/A       1%          3
 Kindle Blastsparks       Fire/Tloc/Air  100%       2d18      1%          3
 Mephitic Cloud           Conj/Pois/Air  52%        N/A       1%          3
 Portal Projectile        Hex/Tloc       100%       N/A       1%          3
 Teleport Other           Tloc           72%        N/A       1%          3
 Vhi's Electric Charge    Tloc/Air       100%       N/A       1%          3
 Cause Fear               Hex            29%        N/A       1%          4
 Manifold Assault         Tloc           72%        N/A       1%          4
 Passage of Golubria      Tloc           72%        N/A       1%          4
 Summon Ice Beast         Ice/Summ       82%        N/A       1%          4
 Summon Hydra             Summ           56%        N/A       1%          7
 Passwall                 Tmut/Erth      20%        N/A       2%          2
 Searing Ray              Conj           50%        2d6       2%          2
 Sublimation of Blood     Necr           25%        N/A       2%          2
 Wereblood                Tmut           25%        N/A       2%          2
 Frozen Ramparts          Ice            50%        1d8       5%          3
 Hailstorm                Conj/Ice       25%        3d7       5%          3
 Stone Arrow              Conj/Erth      50%        3d10      5%          3
 Fulminant Prism          Conj/Hex       22%        3d12      6%          4
 Dispersal                Tloc           36%        N/A       8%          6
 Alistair's Intoxication  Tmut/Pois      35%        N/A       9%          5
 Spellforged Servitor     Conj/Summ      41%        N/A       12%         7
 Yara's Violent Unravell  Hex/Tmut       22%        3d10      16%         5
 Animate Dead             Necr           25%        N/A       19%         4
 Ice Form                 Ice/Tmut       25%        N/A       19%         4
 Petrify                  Tmut/Erth      25%        N/A       19%         4
 Sticky Flame             Conj/Fire      25%        2d5       19%         4
 Arcjolt                  Conj/Air       19%        1d29      24%         5
 Freezing Cloud           Conj/Ice/Air   17%        6-21      30%         5
 Blade Hands              Tmut           12%        N/A       45%         5
 Borgnjor's Vile Clutch   Necr/Erth      12%        N/A       45%         5
 Fireball                 Conj/Fire      12%        3d7       45%         5
 Irradiate                Conj/Tmut      12%        3d15      45%         5
 Iskenderun's Battlesphe  Conj           25%        2d8       45%         5
 Eringya's Noxious Bog    Tmut/Pois      26%        N/A       45%         6
 Conjure Ball Lightning   Conj/Air       19%        3x3d6     80%         6
 Death Channel            Necr           12%        N/A       96%         6
 Iron Shot                Conj/Erth      12%        9d3       96%         6
 Simulacrum               Ice/Necr       12%        N/A       96%         6
 Starburst                Conj/Fire      12%        6d5       96%         6
 Disjunction              Tloc           36%        N/A       97%         8
 Orb of Destruction       Conj           12%        9d7       100%        7
 Storm Form               Tmut/Air       19%        N/A       100%        7
 Borgnjor's Revivificati  Necr           12%        N/A       100%        8
 Discord                  Hex            29%        N/A       100%        8
 Lehudib's Crystal Spear  Conj/Erth      12%        10d4      100%        8
 Maxwell's Capacitive Co  Air            25%        ∞         100%        8
 Necromutation            Tmut/Necr      12%        N/A       100%        8
 Death's Door             Necr           12%        N/A       100%        9
 Polar Vortex             Ice            12%        N/A       100%        9
 Animate Armour           Summ/Erth      Unusable   N/A       N/A         4

Dungeon Overview and Level Annotations

Branches:
Dungeon (15/15)            Temple (0/1) D:6            Lair (5/5) D:11
  Swamp (4/4) Lair:2        Snake (4/4) Lair:3        Slime (5/5) Lair:4
    Orc (2/2) D:12            Elf (3/3) Orc:2        Vaults (4/5) D:13
  Crypt (3/3) Vaults:2       Tomb (0/3) Crypt:3      Depths (4/4) D:15
    Zot (5/5) Depths:4     Bailey (visited)         Volcano (visited)

Altars:
Dithmenos
Elyvilon
Fedhas
Kikubaaqudgha
Nemelex Xobeh
Okawaru
Ru
Sif Muna
Trog
Vehumet
Yredelemnul
Zin
Jiyva

Shops:
D:1 (   D:3 [?*   D:4 *   D:8 =*[[   D:9 (   D:11 [   D:15 :   Orc:2 *!=?
Elf:1 [   Snake:2 :?(   Snake:4 !   Vaults:1 [

Portals:
Hell: Depths:1 Depths:2 Depths:3 Depths:4
Abyss: Depths:3
Pandemonium: Depths:1 Depths:2
Ziggurat: Depths:3
Trove: D:11 (give 5 scrolls of blinking)

Annotations:
D:4 1 runed translucent door, pigah's ghost, amateur OpWn
D:10 exclusion: gargoyle
D:15 3 runed translucent doors, Guh Rysug's ghost, journeyman DsGl
Lair:2 2 transporters, Figabreb's ghost, journeyman DgIE
Lair:4 exclusion: oklob plant
Lair:5 exclusion: obsidian statue
Swamp:4 1 runed translucent door, Necop's ghost, adept AtBe
Elf:2 5 runed translucent doors
Depths:2 Roxanne
Depths:3 exclusion: reaper
Zot:2 3 runed translucent doors, Emoisch's ghost, adept MiFi


Innate Abilities, Weirdness & Mutations

You can breathe wild blasts of lightning.
Your glossy black scales are hard. (AC +13)
You cannot fit into any form of body armour.
Your large and strong wings let you fly.
You are resistant to electric shocks. (rElec)
You are cold-blooded and may be slowed by cold attacks.
You sometimes lose the ability to drink potions when taking damage.
You cannot be stealthy.
You cannot study or use magical devices.
You take slightly more damage. (AC -5)
You are slightly weak-willed. (Will-)
You have a somewhat thin skeletal structure. (Dex +2, Stealth+)
Your natural rate of healing is unusually fast.


Message History

The demonspawn warmonger hits your large abomination with a +1 vampiric battleaxe!!
The demonspawn warmonger barely misses your large abomination.
The demonspawn warmonger hits your eldritch tentacle with a +1 vampiric battleaxe!
You block the demonspawn warmonger's attack.
Your large abomination hits the demonspawn warmonger!!
Your eldritch tentacle slaps the demonspawn warmonger but does no damage.
Your eldritch tentacle claws the demonspawn warmonger!
The demonspawn warmonger dies!
A hell beast comes into view.
Your large abomination disappears in a puff of smoke! x2
Your large abomination closely misses the hell beast.
The hell beast bites you but does no damage.
You block the hell beast's attack.
You slash the hell beast! You freeze the hell beast.
The hell beast is moderately wounded.
You slice the hell beast!! You freeze the hell beast.
Your tail-slap misses the hell beast.
The hell beast is heavily wounded.
The hell beast completely misses you. You block the hell beast's attack.
You slice the hell beast!! You freeze the hell beast!
You kill the hell beast!
You feel your intelligence returning.
An Orb Guardian comes into view.
Your large abomination disappears in a puff of smoke!
There is a staircase leading out of the dungeon here.
You barely miss the Orb Guardian. You tail-slap the Orb Guardian.
The Orb Guardian is lightly wounded.
Your large abomination hits the Orb Guardian!!
You block the Orb Guardian's attack.
You hit the Orb Guardian. You freeze the Orb Guardian.
You tail-slap the Orb Guardian.
The Orb Guardian is moderately wounded.
The Orb Guardian completely misses you.
Your large abomination misses the Orb Guardian.
You closely miss the Orb Guardian.
The Orb Guardian is moderately wounded.
The Orb Guardian hits you but does no damage.
Your large abomination hits the Orb Guardian!
The Orb Guardian hits your large abomination.
You have escaped!

#..............#........
#).............#........
#.......................
#.......................
###.......................
#..#########..............
#~.#########..............
#~.........XX.............
#~~..(..#@X#..............
#≈≈~~...##....#...........
#≈≈≈≈≈~.......#########...
#≈≈≈≈≈≈~≈.....# #...
#≈≈≈≈≈≈≈~~....# #...
#≈≈≈≈≈≈≈≈≈~...# ####
#≈≈≈≈≈≈≈≈≈≈...#
#≈≈≈≈≈≈≈≈≈~~..#
#≈≈≈≈≈≈≈≈≈≈≈.##


You could see an Orb Guardian (distracted, ally target) and 2 friendly large
abominations.

Vanquished Creatures
  the Royal Jelly (Slime:5)
  A pandemonium lord (Zot:3)
  3 ancient liches
  Mara (Depths:2)
  Mennas (Crypt:1)
  Parghit (Depths:3)
  5 caustic shrikes
  A curse toe (Crypt:3)
  A profane servitor (Depths:1)
  6 golden dragons
  A Tzitzimitl (Zot:1)
  A Brimstone Fiend (Zot:3)
  2 bone dragons (Zot:1)
  2 doom hounds (Zot:1)
  10 tentacled monstrosities
  An electric golem (Zot:5)
  A walking crystal tome (Depths:3)
  20 Orb Guardians
  2 liches
  A Hell Sentinel (D:14)
  A walking earthen tome (Depths:3)
  A walking frostbound tome (Depths:3)
  A titan (Depths:3)
  5 quicksilver dragons
  5 acid blobs (Slime:5)
  3 ancient champions
  3 sphinxes
  An Executioner (Abyss:3)
  Gastronok (D:8)
  3 tentacled starspawn (Abyss:3)
  5 death cobs
  5 storm dragons
  A tengu reaver (Depths:3)
  A shadow dragon (Zot:2)
  4 azure jellies
  A revenant (Crypt:3)
  4 draconian monks
  4 rockslimes (Slime:5)
  4 fire giants
  3 vault wardens (Vaults:4)
  4 draconian knights
  4 nagarajas (Snake:4)
  A deep elf sorcerer (Elf:2)
  3 frost giants
  A draconian shifter (Zot:4)
  2 draconian scorchers (Zot:2)
  2 ghost moths (Zot:5)
  5 curse skulls
  4 ghouls
  3 draconian stormcallers
  13 ironbound preservers
  A spriggan defender (Depths:3)
  2 deep elf elementalists
  7 quicksilver oozes (Slime:5)
  4 reapers
  8 ironbound thunderhulks
  14 very ugly things
  3 stone giants
  A draconian annihilator (Depths:4)
  6 green draconians
  10 vampire knights
  3 black draconians
  4 deep elf demonologists
  A rockslime zombie (Crypt:1)
  3 deep elf annihilators (Elf:3)
  A lorocyproca (Abyss:3)
  3 purple draconians
  5 dire elephants
  A spark wasp (Depths:3)
  3 white draconians
  3 yellow draconians
  6 red draconians
  A crystal guardian (Vaults:4)
  3 eidola
  7 fire dragons
  2 deep elf death magi (Elf:3)
  3 ettins
  3 green deaths
  8 jiangshi
  11 yaktaur captains
  2 entropy weavers
  8 great orbs of eyes
  A deep elf high priest (Elf:3)
  Fannar (Orc:1)
  A vault guard (Vaults:4)
  4 ice dragons
  2 hell beasts
  A catoblepas (D:13)
  Harold (Orc:1)
  3 salamander tyrants
  4 ironbound frosthearts
  A ghost crab (Swamp:3)
  7 centaur warriors
  An anaconda (Snake:2)
  An anaconda (shapeshifter) (Depths:3)
  A hydra (Swamp:4)
  2 deep troll shamans (Depths:2)
  A death knight (Crypt:3)
  An ogre mage (D:13)
  8 boulder beetles
  2 tengu warriors
  6 naga warriors
  An alligator (Swamp:2)
  2 two-headed ogres
  6 orc high priests
  4 thrashing horrors (Abyss:3)
  3 spriggan berserkers
  4 vampire magi
  A shock serpent (Snake:3)
  An emperor scorpion zombie (Crypt:3)
  5 naga sharpshooters
  A sun demon (D:13)
  3 deep elf knights
  2 sixfirhies
  Urug (D:13)
  Amaemon (Lair:1)
  A salamander mystic (Snake:4)
  3 soul eaters
  2 hell knights (Depths:4)
  7 wretched stars
  3 shadow wraiths
  An iron troll (Depths:3)
  18 skeletal warriors
  23 deep trolls
  4 glowing orange brains
  A goliath frog (Swamp:2)
  3 flayed ghosts
  2 bog bodies
  10 deep elf archers
  18 deep elf pyromancers
  4 wizards
  4 harpies (Vaults:2)
  3 ironbound convokers
  2 orange crystal statues (Abyss:3)
  An anaconda skeleton (Crypt:3)
  An obsidian statue (Zot:5)
  10 phantasmal warriors
  24 starcursed masses (Abyss:3)
  4 necromancers
  6 lindwurms
  11 deep elf zephyrmancers
  2 mana vipers
  7 orc knights
  A fire giant zombie (Crypt:1)
  2 manticores
  A stone giant zombie (Crypt:1)
  4 cyclopes
  10 moths of wrath
  7 ugly things
  A goliath frog skeleton (Crypt:1)
  An eleionoma skeleton (Crypt:3)
  An iron dragon skeleton (Crypt:3)
  6 salamanders
  A rust devil (Abyss:3)
  9 vault sentinels
  A guardian serpent (shapeshifter) (Depths:3)
  3 elephants (Lair:5)
  A naga mage (Snake:2)
  9 nameless horrors
  3 guardian serpents
  7 smoke demons
  8 black mambas
  A yaktaur zombie (Vaults:2)
  A toenail golem (D:10)
  An orange demon (Lair:1)
  A shock serpent skeleton (Crypt:1)
  A red draconian zombie (Crypt:3)
  A death yak zombie (Crypt:3)
  2 cane toads
  A naga skeleton (Crypt:3)
  4 kobold demonologists
  2 hellions
  A rime drake (Lair:4)
  13 yaktaurs
  A tormentor (Zot:1)
  3 freezing wraiths
  A white draconian zombie (Crypt:1)
  An efreet (Abyss:3)
  2 tengu conjurers
  A guardian mummy (Crypt:3)
  2 komodo dragons
  3 human skeletons (Vaults:1)
  3 meliai (D:13)
  A bloated husk (Swamp:1)
  A polar bear (shapeshifter) (D:14)
  3 ancient zymes (Abyss:3)
  4 trolls
  3 polar bears (Lair:3)
  4 hornets
  A tyrant leech (Swamp:1)
  18 blink frogs
  8 dream sheep
  13 raiju (Abyss:3)
  An ice dragon zombie (Crypt:1)
  A snapping turtle (shapeshifter) (Depths:3)
  31 slime creatures
  Sigmund (D:6)
  An air elemental (Elf:1)
  9 flying skulls
  2 ynoxinuls (Abyss:3)
  2 water elementals
  An ettin skeleton (Crypt:1)
  A dire elephant simulacrum (Lair:5)
  Eustachio (D:6)
  4 wraiths
  35 yaks
  A culicivora (Vaults:4)
  4 spriggans
  3 fire elementals
  2 basilisks
  A human (D:13)
  3 wyverns
  A black mamba skeleton (Crypt:2)
  5 dancing weapons
  A redback (Vaults:4)
  3 vampire mosquitoes
  A warg (Orc:1)
  5 neqoxecs (Abyss:3)
  4 steam dragons
  12 nagas
  A harpy simulacrum (Crypt:1)
  6 large abominations (Abyss:3)
  5 swamp worms
  2 hell hounds (Volcano)
  3 water moccasins
  Duvessa (D:7)
  A hydra simulacrum (Zot:2)
  2 sky beasts (D:8)
  56 orc warriors
  A swamp drake (Swamp:2)
  5 black bears
  7 ogres
  6 small abominations (Abyss:3)
  6 centaurs
  5 wolves (D:11)
  A phantom (D:5)
  3 kobold brigands
  A draconian zombie (Crypt:3)
  A fire crab zombie (Crypt:3)
  A gnoll sergeant (D:7)
  6 bullfrogs
  4 earth elementals
  2 necrophages (D:5)
  5 scorpions
  A draconian skeleton (Crypt:2)
  Dowan (D:7)
  An elephant simulacrum (Lair:5)
  14 killer bees
  A polar bear skeleton (Crypt:1)
  3 howler monkeys
  9 electric eels
  3 quasits (Abyss:3)
  6 hounds
  2 jellies (D:7)
  2 gnoll boudas
  29 orc priests
  3 iguanas (D:5)
  4 hell rats (Lair:4)
  17 orc wizards
  An ice beast zombie (Crypt:2)
  4 mummies (Crypt:3)
  20 gnolls
  6 adders
  2 white imps (Abyss:3)
  An adder skeleton (Crypt:1)
  2 worms
  3 dart slugs
  79 orcs
  7 ball pythons
  8 bats
  2 bat skeletons
  A bat zombie (Crypt:1)
  6 endoplasms
  4 giant cockroaches
  15 goblins
  8 hobgoblins
  8 jackals (D:1)
  5 quokkas
  A ball python skeleton (Crypt:2)
  5 frilled lizards
  19 kobolds
  7 rats
  2 butterflies (Lair:5)
  2 starspawn tentacles (Abyss:3)
1315 creatures vanquished.

Vanquished Creatures (collateral kills)
  8 orbs of fire
  2 ancient liches
  A dread lich (Zot:5)
  A juggernaut (Depths:2)
  Vv (Depths:2)
  A pandemonium lord (Depths:2)
  Bai Suzhen (Depths:1)
  5 Killer Klowns
  3 caustic shrikes (Depths:4)
  A shard shrike (Zot:2)
  6 golden dragons
  Jory (Crypt:1)
  3 bone dragons
  2 Tzitzimimeh
  A doom hound (Zot:1)
  2 electric golems
  6 tentacled monstrosities
  A walking crystal tome (Depths:3)
  8 Orb Guardians
  3 quicksilver dragons
  A deep elf blademaster (Elf:3)
  Grunn (Zot:2)
  A deep elf master archer (Elf:3)
  4 acid blobs
  3 sphinxes
  2 death cobs (Zot:5)
  An ancient champion (Crypt:3)
  A thorn hunter (Swamp:4)
  8 shadow dragons
  An eldritch tentacle (Zot:2)
  8 storm dragons
  5 draconian monks
  10 nagarajas
  2 azure jellies
  A demonspawn warmonger (D:1)
  A fire giant (Depths:4)
  5 rockslimes
  2 frost giants
  4 vault wardens
  3 deep elf sorcerers (Elf:3)
  3 draconian knights
  3 ghouls (Crypt:3)
  4 orc warlords
  A curse skull (Crypt:1)
  3 draconian shifters
  2 draconian stormcallers (Zot:5)
  4 deep elf elementalists (Elf:3)
  4 draconian scorchers
  A balrug (D:13)
  A draconian annihilator (Zot:4)
  3 ghost moths
  8 ironbound preservers
  6 quicksilver oozes
  4 very ugly things
  2 reapers
  6 ironbound thunderhulks
  2 stone giants
  4 eleionomae
  7 green draconians
  2 vampire knights
  5 black draconians
  4 deep elf annihilators
  3 deep elf demonologists
  5 purple draconians (Zot:1)
  2 bunyips
  7 red draconians
  4 dire elephants
  7 white draconians
  9 yellow draconians
  3 eidola
  6 jiangshi
  2 fire dragons
  7 deep elf death magi
  An entropy weaver (shapeshifter) (D:15)
  Josephine (Snake:1)
  2 ettins
  10 great orbs of eyes
  A shambling mangrove (Swamp:3)
  2 deep elf high priests (Elf:3)
  7 vault guards
  2 rakshasas (D:15)
  3 salamander tyrants
  14 hydras
  A fenstrider witch zombie (Crypt:1)
  A peacekeeper (Vaults:4)
  A spriggan air mage (Depths:1)
  2 ice dragons
  2 ironbound frosthearts (Vaults:4)
  4 anacondas (Snake:3)
  3 deep troll shamans
  11 dancing weapons
  2 two-headed ogres
  A death yak (Lair:5)
  A death knight (Crypt:3)
  A fenstrider witch skeleton (Crypt:2)
  9 naga warriors
  2 tengu warriors
  6 alligators
  6 shock serpents
  A deep troll earth mage (Depths:1)
  2 vampire magi
  A spectral dire elephant (Lair:5)
  8 naga sharpshooters
  3 soul eaters
  2 sun demons
  3 salamander mystics
  4 spriggans
  12 deep elf knights
  A spectral death yak (Lair:5)
  4 goliath frogs
  8 skeletal warriors
  A spectral anaconda (Lair:5)
  A shadow demon (Depths:2)
  A flayed ghost (Crypt:3)
  4 spriggan druids
  9 swamp dragons
  3 glowing orange brains
  3 ironbound convokers
  3 bog bodies
  24 deep trolls
  4 phantasmal warriors (Crypt:3)
  A wizard (Depths:1)
  8 naga ritualists
  6 lindwurms
  11 deep elf archers
  16 orc knights
  13 deep elf pyromancers
  12 deep elf zephyrmancers
  2 stone giant zombies (Vaults:2)
  3 manticores
  A necromancer (Crypt:1)
  20 ugly things
  7 shining eyes
  5 mana vipers
  An orc sorcerer (D:15)
  A cyclops (D:14)
  6 moths of wrath
  25 black mambas
  2 will-o-the-wisps
  4 guardian serpents (Snake:4)
  17 salamanders
  3 vault sentinels
  5 elephants
  9 naga magi
  A torpor snail (Lair:5)
  2 eyes of devastation
  Maggie (D:6)
  2 smoke demons
  3 dire elephant skeletons
  2 gargoyles
  5 cane toads
  4 komodo dragons
  2 freezing wraiths (Crypt:3)
  4 rime drakes
  A tormentor (Depths:1)
  12 yaktaurs
  A hellwing (Depths:1)
  A green draconian skeleton (Crypt:3)
  2 red devils
  3 trolls (D:13)
  A bloated husk (Swamp:1)
  4 guardian mummies (Crypt:3)
  4 blink frogs
  3 polar bears
  6 nameless horrors
  9 tyrant leeches
  7 hornets
  A spectral elephant (Lair:5)
  A dream sheep (Lair:5)
  52 slime creatures
  5 wraiths
  An air elemental (Elf:2)
  A fire dragon skeleton (Crypt:3)
  2 water elementals (Depths:2)
  A human (D:13)
  12 golden eyes
  4 fire elementals
  6 vampire mosquitoes
  14 swamp worms
  A deep troll zombie (Crypt:2)
  20 nagas
  6 water moccasins
  A spectral cane toad (Lair:5)
  A floating eye (Depths:2)
  8 swamp drakes
  8 orc warriors
  A merfolk skeleton (Crypt:2)
  5 wolves (Lair:4)
  An elephant zombie (Lair:5)
  2 necrophages
  An earth elemental (Elf:2)
  2 cane toad simulacra (Lair:5)
  3 elephant simulacra (Lair:5)
  A boggart zombie (Crypt:3)
  A deep dwarf skeleton (Crypt:2)
  3 mummies (Crypt:3)
  A briar patch (Swamp:4)
877 creatures vanquished.

Vanquished Creatures (others)
  2 golden dragons
  An Orb Guardian (Zot:5)
  51 eldritch tentacles
  A death cob (Zot:4)
  A fire giant (Depths:3)
  An orc warlord (Vaults:1)
  A black draconian (Zot:2)
  A yellow draconian (Zot:4)
  A red draconian (Zot:2)
  A deep elf death mage (Elf:1)
  A hydra (Lair:5)
  A vault guard (D:13)
  A centaur warrior (D:14)
  A naga warrior (Snake:4)
  2 deep elf knights
  A spatial maelstrom (Abyss:3)
  5 skeletal warriors
  A swamp dragon (Swamp:4)
  2 deep trolls
  4 bog bodies (Lair:2)
  2 orc knights (Orc:2)
  A necromancer (Lair:5)
  2 wizards
  2 lindwurms (Volcano)
  3 deep elf pyromancers
  A deep elf zephyrmancer (Elf:2)
  A moth of wrath (Zot:1)
  3 ugly things
  A vault sentinel (Vaults:3)
  An elephant (Lair:4)
  2 gargoyles (D:12)
  5 cane toads
  A rime drake (Lair:1)
  2 trolls
  A polar bear (Lair:3)
  A water elemental (Depths:2)
  2 wyverns
  A shadow (D:11)
  2 wraiths
  A steam dragon (Volcano)
  5 wargs
  3 nagas
  2 water moccasins (Lair:1)
  5 dancing weapons
  2 acid dragons (D:9)
  A hydra simulacrum (Zot:2)
  2 orc warriors (Bailey)
  A bullfrog (Lair:4)
  A wyvern skeleton (Crypt:1)
  An earth elemental (Elf:1)
  An electric eel (Bailey)
  An orc priest (Orc:2)
  3 orcs
  A hobgoblin (Bailey)
  A quokka (Depths:1)
  A kobold skeleton (Crypt:3)
  11 demonic plants
  10 foxfires
  12 fungi
  A lurking horror (Abyss:3)
  69 plants
  7 starspawn tentacles (Abyss:3)
  19 withered plants
275 creatures vanquished.

Grand Total: 2467 creatures vanquished

Notes
Turn   | Place    | Note
-------+----------+-------------------------------------------
     0 | D:1      | freelancePsychic the Draconian Enchanter began the quest
                  | for the Orb.
     0 | D:1      | Reached XP level 1. HP: 14/14 MP: 3/3
    30 | D:1      | Found High's Weapon Shop.
    67 | D:1      | Reached XP level 2. HP: 16/22 MP: 5/5
   235 | D:1      | Reached skill level 1 in Fighting
   493 | D:1      | Reached XP level 3. HP: 28/28 MP: 6/6
   815 | D:1      | Found a blossoming altar of Fedhas.
   821 | D:1      | Learned a level 2 spell: Poisonous Vapours
  1526 | D:2      | Found a faded altar of an unknown god.
  1612 | D:2      | Reached skill level 1 in Poison Magic
  1615 | D:2      | Reached XP level 4. HP: 12/36 MP: 7/7
  2015 | D:2      | Reached skill level 1 in Air Magic
  2535 | D:3      | Found Xeywku's Antique Armour Shop.
  2560 | D:3      | Noticed a scorpion
  2567 | D:3      | Killed a scorpion
  2568 | D:3      | Reached skill level 2 in Fighting
  2568 | D:3      | Reached XP level 5. HP: 39/41 MP: 1/8
  2805 | D:3      | Found a blossoming altar of Fedhas.
  3075 | D:3      | Found Vauhixka's General Store.
  3286 | D:3      | Found Qaeliust's Magic Scroll Shop.
  3293 | D:3      | Bought a scroll of blinking for 75 gold pieces
  3293 | D:3      | Bought a scroll of identify for 20 gold pieces
  3293 | D:3      | Bought a scroll of identify for 20 gold pieces
  4075 | D:4      | Reached XP level 6. HP: 50/50 MP: 0/9
  4178 | D:4      | Found a runed translucent door.
  4306 | D:4      | Found a sacrificial altar of Ru.
  4347 | D:4      | Became a worshipper of Ru the Awakened
  4633 | D:4      | Found Bosil's Assorted Antiques.
  4776 | D:4      | Noticed pigah's ghost (amateur OpWn)
  4789 | D:5      | Entered Level 5 of the Dungeon
  4910 | D:5      | Identified the ring of the King {rPois rC- Will- Str+9
                  | Dex+6}
  5139 | D:5      | Learned a level 4 spell: Olgreb's Toxic Radiance
  5245 | D:5      | Reached skill level 3 in Fighting
  5471 | D:5      | Found a shimmering blue altar of Sif Muna.
  5678 | D:5      | Found a sparkling altar of Nemelex Xobeh.
  5929 | D:6      | Noticed Sigmund
  5929 | D:6      | Noticed an orc warrior
  5936 | D:5      | Your scales start taking on a glossy black colour.
  5936 | D:5      | Reached XP level 7. HP: 48/56 MP: 7/10
  5936 | D:5      | Gained mutation: You are resistant to electric shocks.
                  | (rElec) [Black Draconian growth]
  6032 | D:6      | Killed Sigmund
  6042 | D:5      | Gained mutation: You occasionally lose the ability to drink
                  | potions when taking damage. [Ru sacrifice]
  6042 | D:5      | Gained mutation: You sometimes lose the ability to drink
                  | potions when taking damage. [Ru sacrifice]
  6042 | D:5      | Reached * piety under Ru
  6121 | D:6      | Noticed a green ugly thing
  6151 | D:5      | Reached skill level 4 in Fighting
  6151 | D:5      | Reached skill level 5 in Poison Magic
  6581 | D:6      | Noticed Eustachio
  7129 | D:6      | You fall into a shaft and drop 2 floors!
  7142 | D:8      | Found Ucwen's Antique Armour Shop.
  7146 | D:8      | Reached XP level 8. HP: 52/66 MP: 1/13
  7292 | D:8      | Found Nisial's Jewellery Shop.
  7708 | D:8      | Found a bloodstained altar of Trog.
  7713 | D:8      | Noticed Gastronok
  7938 | D:7      | Noticed Dowan
  7939 | D:7      | Noticed Duvessa
  7957 | D:7      | Killed Duvessa
  7970 | D:7      | Killed Dowan
  8016 | D:7      | Reached skill level 5 in Spellcasting
  8200 | D:7      | Reached XP level 9. HP: 71/71 MP: 5/16
  9176 | D:6      | Found a staircase to the Ecumenical Temple.
  9192 | D:6      | Killed Eustachio
  9301 | D:6      | Reached skill level 5 in Fighting
  9405 | D:3      | Bought a scroll of identify for 28 gold pieces
  9725 | D:8      | Killed Gastronok
  9726 | D:8      | Reached skill level 6 in Fighting
  9726 | D:8      | Reached XP level 10. HP: 55/84 MP: 1/19
  9897 | D:6      | Noticed Maggie
 10180 | D:8      | Found Pinerud's General Store.
 10230 | D:8      | Reached skill level 1 in Summonings
 10248 | D:8      | Gained mutation: You cannot study or use magical devices.
                  | [Ru sacrifice]
 10248 | D:8      | Reached ** piety under Ru
 10248 | D:8      | Reached *** piety under Ru
 10248 | D:8      | Reached **** piety under Ru
 10315 | D:8      | Found Culill's Superior Scales.
 10605 | D:9      | Found Ryti's Weapon Emporium.
 10615 | D:9      | Reached skill level 7 in Fighting
 10621 | D:9      | Learned a level 3 spell: Summon Guardian Golem
 10742 | D:9      | Found a flagged portal.
 10745 | Bailey   | Entered a bailey
 11091 | Bailey   | Learned a level 3 spell: Tukima's Dance
 11691 | Bailey   | Reached skill level 5 in Hexes
 11802 | Bailey   | Found an iron altar of Okawaru.
 11862 | Bailey   | Noticed a sun demon
 11873 | Bailey   | Reached skill level 5 in Summonings
 11967 | Bailey   | Acquired a staff of air
 11969 | Bailey   | Acquired 792 gold pieces
 12023 | Bailey   | Noticed an orc knight
 12032 | Bailey   | Killed an orc knight
 12033 | Bailey   | Reached XP level 11. HP: 94/94 MP: 6/20
 12303 | D:9      | Reached skill level 8 in Fighting
 12623 | D:9      | Noticed a two-headed ogre
 12632 | D:9      | Killed a two-headed ogre
 12758 | D:3      | Bought the +1 cloak of the Guilds {rF+ Dex+5} for 476 gold
                  | pieces
 13077 | D:6      | Killed Maggie
 13089 | D:6      | Killed a green ugly thing
 13227 | D:3      | Bought a scroll of enchant armour for 105 gold pieces
 13760 | D:9      | Reached skill level 5 in Shields
 14135 | D:10     | Entered Level 10 of the Dungeon
 14135 | D:10     | Noticed a two-headed ogre
 14147 | D:10     | Killed a two-headed ogre
 14148 | D:10     | Reached skill level 9 in Fighting
 14616 | D:10     | Found a shadowy altar of Dithmenos.
 15209 | D:11     | Found a staircase to the Lair.
 15525 | D:11     | Reached skill level 10 in Fighting
 15679 | D:11     | Found Buxauq's Antique Armour Emporium.
 15687 | D:11     | Noticed a boulder beetle
 15710 | D:11     | Killed a boulder beetle
 15850 | D:11     | Found a portal to a secret trove of treasure.
 16027 | D:11     | Noticed a two-headed ogre
 16036 | D:11     | Killed a two-headed ogre
 16113 | D:11     | Reached XP level 12. HP: 86/108 MP: 11/24
 16232 | D:11     | You fall into a shaft and drop 3 floors!
 16276 | D:13     | Noticed a catoblepas
 16285 | D:13     | Killed a catoblepas
 16353 | D:13     | Noticed Urug
 16460 | D:13     | Found a glowing silver altar of Zin.
 16649 | D:12     | Noticed a boulder beetle
 16658 | D:12     | Killed a boulder beetle
 16659 | D:12     | Reached skill level 11 in Fighting
 16759 | D:12     | Noticed a boulder beetle
 16765 | D:12     | Killed a boulder beetle
 16984 | D:12     | Reached skill level 12 in Fighting
 17107 | D:12     | Identified the +7 glaive "Aretaguw" {heavy, Drain Int+7
                  | SInv Stlth+}
 17122 | D:12     | Reached skill level 5 in Dodging
 17218 | D:12     | Found a staircase to the Orcish Mines.
 17233 | Orc:1    | Entered Level 1 of the Orcish Mines
 17435 | Orc:1    | Noticed Fannar
 17462 | Orc:1    | Killed Fannar
 17593 | Orc:1    | Noticed Harold
 17617 | Orc:1    | Killed Harold
 18025 | Orc:2    | Entered Level 2 of the Orcish Mines
 18038 | Orc:2    | Gained mutation: You cannot be stealthy. [Ru sacrifice]
 18251 | Orc:2    | Reached skill level 13 in Fighting
 18619 | Orc:2    | Found a staircase to the Elven Halls.
 18991 | Orc:2    | Noticed an orc high priest
 19001 | Orc:2    | Killed an orc high priest
 19076 | Orc:2    | Reached XP level 13. HP: 94/120 MP: 3/25
 19236 | Orc:2    | Gained mutation: You are clumsy. (Dex -2) [a neqoxec]
 19961 | Orc:2    | Found Uddabamm's Distillery.
 20089 | Orc:2    | Found Foegg's Jewellery Shoppe.
 20090 | Orc:2    | Found Gixkoh's General Store.
 20091 | Orc:2    | Found Caul's Magic Scroll Emporium.
 20099 | Orc:2    | Bought a scroll of acquirement for 780 gold pieces
 20101 | Orc:2    | Acquired the Octavo of the Hawk
 21008 | Lair:1   | Entered Level 1 of the Lair of Beasts
 21223 | Lair:1   | Reached skill level 14 in Fighting
 21504 | Lair:1   | Noticed Amaemon
 21523 | Lair:1   | Killed Amaemon
 21639 | Lair:1   | Gained mutation: You take slightly more damage. (AC -5) [Ru
                  | sacrifice]
 21639 | Lair:1   | Reached ***** piety under Ru
 21829 | Lair:1   | Reached skill level 1 in Maces & Flails
 22175 | Lair:1   | Found a sacrificial altar of Ru.
 22239 | Lair:1   | Learned a level 6 spell: Summon Cactus Giant
 22510 | Lair:2   | Found a transporter.
 22516 | Lair:2   | Found a transporter.
 22519 | Lair:2   | Noticed Figabreb's ghost (journeyman DgIE)
 22812 | Lair:2   | Found an iron altar of Okawaru.
 23294 | Lair:2   | Got More Spellcraft
 23821 | Lair:2   | Found a staircase to the Swamp.
 24205 | Lair:3   | Found a staircase to the Snake Pit.
 24865 | Orc:2    | Bought the ring "Riohuh" {rF++ rCorr Str-2 Int+3 Dex+6} for
                  | 1159 gold pieces
 25285 | Lair:3   | Gained mutation: Your large and strong wings let you fly.
                  | [Black Draconian growth]
 25285 | Lair:3   | Reached XP level 14. HP: 101/133 MP: 13/26
 25299 | Lair:3   | Gained mutation: You are slightly weak-willed. (Will-) [Ru
                  | sacrifice]
 25299 | Lair:3   | Reached ****** piety under Ru
 26005 | Lair:4   | Found a dark tunnel.
 26014 | Volcano  | Entered a volcano
 26553 | Volcano  | Reached skill level 15 in Fighting
 26686 | Lair:4   | Lost mutation: You are clumsy. (Dex -2) [potion of
                  | mutation]
 26686 | Lair:4   | Gained mutation: You expend magic power (3 MP) to
                  | strengthen your wands. [potion of mutation]
 26686 | Lair:4   | Gained mutation: Your natural rate of healing is unusually
                  | fast. [potion of mutation]
 26917 | Lair:4   | Reached skill level 10 in Summonings
 27097 | Lair:4   | Found a viscous altar of Jiyva.
 27097 | Lair:4   | Found a staircase to the Slime Pits.
 27769 | Lair:5   | Entered Level 5 of the Lair of Beasts
 30126 | Lair:5   | Reached XP level 15. HP: 132/133 MP: 10/27
 30621 | D:11     | Learned a level 7 spell: Monstrous Menagerie
 31620 | D:13     | Found a gate to the Vaults.
 31957 | D:13     | Reached skill level 15 in Summonings
 32207 | D:13     | Killed Urug
 33216 | D:14     | Found a blossoming altar of Fedhas.
 33447 | D:15     | Entered Level 15 of the Dungeon
 33607 | D:15     | Found Gubequk's Book Boutique.
 33636 | D:15     | Reached skill level 1 in Long Blades
 33797 | D:15     | Found an iron altar of Okawaru.
 34220 | D:15     | Found a runed translucent gate.
 34220 | D:15     | Found a runed translucent gate.
 34220 | D:15     | Found a runed translucent gate.
 34220 | D:15     | Noticed Guh Rysug's ghost (journeyman DsGl)
 34397 | D:15     | Paralysed by a great orb of eyes for 4 turns
 34960 | D:15     | Reached skill level 10 in Dodging
 35087 | D:15     | Identified the +4 quarterstaff "Zamokkih" {venom, Stlth+}
 35283 | D:15     | Found a staircase to the Depths.
 35524 | D:4      | Bought a scroll of enchant weapon for 157 gold pieces
 35556 | D:3      | Bought a scroll of enchant weapon for 75 gold pieces
 35743 | Elf:1    | Entered Level 1 of the Elven Halls
 35852 | Elf:1    | Paralysed by an air elemental for 1 turns
 36254 | Elf:1    | Reached XP level 16. HP: 149/149 MP: 28/28
 36512 | Elf:1    | Got Umarosifes's Octavo of the Missiles
 36619 | Elf:1    | Found Indra's Dragon-Slaying Spoils.
 36737 | Elf:1    | Noticed a Tzitzimitl
 37210 | Elf:1    | Noticed a Hell Sentinel
 37342 | Elf:1    | Reached skill level 5 in Long Blades
 37562 | Elf:1    | Reached XP level 17. HP: 155/155 MP: 29/29
 37572 | Elf:1    | Learned a level 8 spell: Summon Horrible Things
 38639 | Elf:2    | Found a huge runed translucent gate.
 38639 | Elf:2    | Found a huge runed translucent gate.
 38641 | Elf:2    | Found a huge runed translucent gate.
 38641 | Elf:2    | Found a huge runed translucent gate.
 38642 | Elf:2    | Found a huge runed translucent gate.
 39128 | Elf:2    | Upgraded the game from 0.30-a0-757-ga6a79fd877 to
                  | 0.30-a0-760-g5a9884bb7c
 39166 | Elf:3    | Entered Level 3 of the Elven Halls
 39840 | Elf:3    | Noticed a deep elf blademaster
 39843 | Elf:3    | Noticed a Brimstone Fiend
 39844 | Elf:3    | Identified the +5 trident "Ydedatasm" {flame, *Rage rC++
                  | Dex+5}
 40133 | Elf:3    | Reached XP level 18. HP: 146/147 MP: 10/30
 40276 | Elf:3    | Identified the +8 battleaxe "Miun" {drain, rN+ rCorr}
 40619 | Elf:3    | Noticed a Brimstone Fiend
 40632 | Elf:3    | Noticed a Tzitzimitl
 40930 | Swamp:1  | Entered Level 1 of the Swamp
 41012 | Swamp:1  | Identified the +8 spear "Qonla" {vamp, rElec rCorr}
 41712 | Swamp:1  | Reached skill level 16 in Fighting
 44105 | Swamp:4  | Entered Level 4 of the Swamp
 45701 | Swamp:4  | Noticed Necop's ghost (adept AtBe)
 45705 | Swamp:4  | Found a runed translucent door.
 45907 | Swamp:4  | Got a decaying rune of Zot
 46215 | Snake:1  | Entered Level 1 of the Snake Pit
 46312 | Snake:1  | Noticed Josephine
 46320 | Snake:1  | Killed Josephine
 47332 | Snake:2  | Found Maeps's Vocational Training.
 47335 | Snake:2  | You are sucked into a shaft and drop 1 floor!
 47405 | Snake:3  | Reached skill level 10 in Spellcasting
 47409 | Snake:3  | Reached skill level 17 in Fighting
 47475 | Snake:3  | Reached XP level 19. HP: 159/177 MP: 19/33
 48438 | Snake:2  | Found Kaps's Magic Scroll Shop.
 48442 | Snake:2  | Found Fapeejiravu's Weapon Shop.
 48481 | Snake:2  | Bought a scroll of teleportation for 39 gold pieces
 48742 | Snake:4  | Entered Level 4 of the Snake Pit
 49665 | Snake:4  | Reached skill level 18 in Fighting
 49998 | Snake:4  | Got a serpentine rune of Zot
 50116 | Snake:4  | Found Uryag's Distillery.
 50126 | Snake:4  | Bought 2 potions of curing for 102 gold pieces
 50126 | Snake:4  | Bought a potion of curing for 51 gold pieces
 50126 | Snake:4  | Bought a potion of magic for 136 gold pieces
 50126 | Snake:4  | Bought a potion of heal wounds for 85 gold pieces
 50126 | Snake:4  | Bought a potion of curing for 51 gold pieces
 50978 | Snake:4  | Acquired 977 gold pieces
 51546 | Elf:3    | Reached skill level 19 in Fighting
 51907 | Elf:3    | Found a radiant altar of Vehumet.
 51947 | Elf:3    | Identified the ring of the Queen {Fly rCorr Dex+3}
 52148 | Elf:3    | Reached XP level 20. HP: 134/174 MP: 26/34
 52700 | Elf:3    | Got the Papyrus of Peregrination
 52702 | Elf:3    | Found the +0 pair of fencer's gloves {Riposte Dex+3}
 52705 | Elf:3    | Got the Discursus on Septic Incandescence
 53160 | Vaults:1 | Entered Level 1 of the Vaults
 53166 | Vaults:1 | Reached skill level 20 in Fighting
 53577 | Vaults:1 | Found Gaekah's Armour Shop.
 54652 | Vaults:2 | Identified the +3 shortbow of a Labyrinth {heavy, +Blink
                  | rC- rN+}
 54797 | Vaults:2 | You are sucked into a shaft and drop 1 floor!
 54867 | Vaults:3 | Reached skill level 10 in Shields
 55672 | Vaults:2 | Paralysed by a great orb of eyes for 2 turns
 56097 | Vaults:2 | Found a staircase to the Crypt.
 56097 | Vaults:2 | Found an ancient bone altar of Kikubaaqudgha.
 56097 | Vaults:2 | Found a basalt altar of Yredelemnul.
 56157 | Vaults:2 | Reached XP level 21. HP: 166/201 MP: 36/36
 56206 | Vaults:2 | Identified the +5 mace "Giant's Toothpick" {spect, rF+++
                  | Int-2 Dex-4 SInv}
 56955 | Vaults:3 | Reached skill level 10 in Long Blades
 57513 | Vaults:3 | Identified the +7 rapier of the Howling One {spect, +Blink
                  | rCorr}
 57887 | Vaults:4 | Found a flickering gateway to a bazaar.
 57893 | Bazaar   | Entered a bazaar
 57893 | Bazaar   | Found Nogepaen's Weapon Shoppe.
 57893 | Bazaar   | Found Hirunk's Magic Scroll Shoppe.
 57894 | Bazaar   | Found Uckofusuonn's General Store.
 57894 | Bazaar   | Found Rohohyconu's Distillery.
 57911 | Bazaar   | Bought a potion of experience for 800 gold pieces
 57911 | Bazaar   | Bought a potion of haste for 160 gold pieces
 57911 | Bazaar   | Bought a potion of brilliance for 64 gold pieces
 57911 | Bazaar   | Bought a potion of brilliance for 64 gold pieces
 57915 | Bazaar   | Reached XP level 22. HP: 209/209 MP: 38/38
 57922 | Bazaar   | Bought a scroll of teleportation for 36 gold pieces
 57922 | Bazaar   | Bought a scroll of teleportation for 36 gold pieces
 57922 | Bazaar   | Bought a scroll of teleportation for 36 gold pieces
 57922 | Bazaar   | Bought 2 scrolls of blinking for 180 gold pieces
 57932 | Bazaar   | Bought a scroll of teleportation for 27 gold pieces
 57932 | Bazaar   | Bought 2 scrolls of fog for 72 gold pieces
 58612 | Vaults:4 | Reached skill level 15 in Dodging
 59421 | Crypt:1  | Entered Level 1 of the Crypt
 59672 | Crypt:1  | Noticed Jory
 59685 | Crypt:1  | Killed Jory
 60238 | Crypt:1  | Noticed Mennas
 60244 | Crypt:1  | Killed Mennas
 60926 | Crypt:2  | Reached XP level 23. HP: 161/164 MP: 31/39
 62076 | Crypt:3  | Entered Level 3 of the Crypt
 63186 | Crypt:3  | Noticed a curse toe
 63198 | Crypt:3  | Killed a curse toe
 63454 | Crypt:3  | Noticed an ancient lich
 63454 | Crypt:3  | Noticed an ancient lich
 63655 | Depths:1 | Entered Level 1 of the Depths
 63697 | Depths:1 | Found a one-way gate leading to the halls of Pandemonium.
 63849 | Depths:1 | Found a bloodstained altar of Trog.
 63861 | Depths:1 | Identified the +0 animal skin of Pragmatism {rElec rPois
                  | rC+ Str-3}
 63925 | Depths:1 | Found a white marble altar of Elyvilon.
 64251 | Depths:1 | Noticed Bai Suzhen
 64267 | Depths:1 | Killed Bai Suzhen
 64326 | Depths:1 | Found a gateway to Hell.
 64743 | Depths:2 | Noticed Roxanne
 64966 | Depths:2 | Noticed Vv
 65016 | Depths:2 | Killed Vv
 65306 | Depths:2 | Noticed Mara
 65324 | Depths:2 | Noticed freelancePsychic's illusion
 65353 | Depths:2 | Killed Mara
 65541 | Depths:2 | Noticed a juggernaut
 65550 | Depths:2 | Killed a juggernaut
 65781 | Depths:3 | Found a one-way gate to the infinite horrors of the Abyss.
 65788 | Depths:3 | Found a one-way gateway to a ziggurat.
 65967 | Depths:3 | Identified the +3 hand axe "Vycoy" {freeze, Fragile rElec
                  | Int+7}
 66083 | Depths:3 | Noticed Parghit
 66210 | Depths:3 | Paralysed by a sphinx for 2 turns
 66230 | Depths:3 | Killed Parghit
 66476 | Depths:3 | Reached XP level 24. HP: 224/224 MP: 26/39
 67085 | Abyss:3  | Cast into level 3 of the Abyss (reaper)
 67362 | Abyss:3  | Paralysed by accursed screaming for 1 turns
 67708 | Abyss:3  | Got an abyssal rune of Zot
 68130 | Depths:3 | Escaped the Abyss
 68361 | Depths:4 | Entered Level 4 of the Depths
 69062 | Depths:4 | Found a gate to the Realm of Zot.
 69335 | Depths:4 | Found an ancient bone altar of Kikubaaqudgha.
 69337 | Depths:4 | Found the +7 great mace "Firestarter" {flame, inner flame,
                  | rFlCloud rF++}
 70106 | Crypt:3  | Noticed an ancient lich
 70313 | Crypt:3  | Acquired 851 gold pieces
 70459 | Crypt:3  | Found a staircase to the Tomb.
 70545 | Crypt:3  | Killed an ancient lich
 70550 | Crypt:3  | Killed an ancient lich
 70559 | Crypt:3  | Killed an ancient lich
 70607 | Crypt:3  | Identified the +0 dagger of Rubbish {venom, Contam rC+
                  | rCorr Str+4}
 70614 | Crypt:3  | Identified the +1 flail "Juacaam" {freeze, Str+3}
 70616 | Crypt:3  | Got the Annotations on the Energetic Congregation
 70623 | Crypt:3  | Identified the ring "Hiatukh" {rC+ rN+ Int+6}
 70623 | Crypt:3  | Identified the ring of the Hungering Jester {rN+ rCorr SInv
                  | Stlth+}
 71107 | Orc:2    | Bought a scroll of magic mapping for 112 gold pieces
 71107 | Orc:2    | Bought a scroll of teleportation for 45 gold pieces
 71107 | Orc:2    | Bought a scroll of blinking for 112 gold pieces
 71107 | Orc:2    | Bought a scroll of immolation for 60 gold pieces
 71394 | Snake:2  | Bought a scroll of immolation for 52 gold pieces
 71660 | D:3      | Bought a scroll of fog for 40 gold pieces
 71660 | D:3      | Bought a scroll of immolation for 40 gold pieces
 71660 | D:3      | Bought a scroll of fog for 40 gold pieces
 71660 | D:3      | Bought a scroll of teleportation for 30 gold pieces
 71660 | D:3      | Bought a scroll of fog for 40 gold pieces
 71695 | D:3      | Bought a scroll of immolation for 56 gold pieces
 71940 | Orc:2    | Bought 2 potions of heal wounds for 160 gold pieces
 71940 | Orc:2    | Bought a potion of heal wounds for 80 gold pieces
 71940 | Orc:2    | Bought a potion of magic for 128 gold pieces
 71940 | Orc:2    | Bought a potion of brilliance for 64 gold pieces
 72191 | Slime:1  | Entered Level 1 of the Pits of Slime
 72221 | Slime:1  | Gained mutation: You occasionally lose the ability to read
                  | scrolls when taking damage. [a shining eye]
 72371 | Slime:2  | Reached skill level 21 in Fighting
 72371 | Slime:2  | Reached XP level 25. HP: 234/235 MP: 33/40
 72966 | Slime:5  | Entered Level 5 of the Pits of Slime
 73444 | Slime:5  | Noticed the Royal Jelly
 73453 | Slime:5  | Killed the Royal Jelly
 73613 | Slime:5  | Got a slimy rune of Zot
 73695 | Slime:5  | Identified the +3 hand axe of the Mind {antimagic, Dex+4}
 73702 | Slime:5  | Identified the +2 long sword of the Lesser Evil {heavy,
                  | Will- Int+3 Dex+3}
 73746 | Slime:5  | Reached skill level 1 in Translocations
 73979 | D:11     | Lost mutation: You expend magic power (3 MP) to strengthen
                  | your wands. [potion of mutation]
 73979 | D:11     | Lost mutation: Your natural rate of healing is unusually
                  | fast. [potion of mutation]
 73979 | D:11     | Gained mutation: You are frail. (-10% HP) [potion of
                  | mutation]
 73979 | D:11     | Gained mutation: You have a pair of small antennae on your
                  | head. [potion of mutation]
 73980 | D:11     | Lost mutation: You occasionally lose the ability to read
                  | scrolls when taking damage. [potion of mutation]
 73980 | D:11     | Lost mutation: You have a pair of small antennae on your
                  | head. [potion of mutation]
 73980 | D:11     | Gained mutation: You have large cloven feet. [potion of
                  | mutation]
 73980 | D:11     | Gained mutation: You have a pair of small antennae on your
                  | head. [potion of mutation]
 73981 | D:11     | Lost mutation: You are frail. (-10% HP) [potion of
                  | mutation]
 73981 | D:11     | Lost mutation: You have a pair of small antennae on your
                  | head. [potion of mutation]
 73981 | D:11     | Lost mutation: You have large cloven feet. [potion of
                  | mutation]
 73981 | D:11     | Gained mutation: Your flesh is cold resistant. (rC+)
                  | [potion of mutation]
 73990 | D:11     | Learned a level 7 spell: Malign Gateway
 74260 | Zot:1    | Entered Level 1 of the Realm of Zot
 75108 | Zot:1    | Reached skill level 5 in Translocations
 75312 | Zot:1    | Upgraded the game from 0.30-a0-760-g5a9884bb7c to
                  | 0.30-a0-777-ga9a30cbeda
 75778 | Zot:2    | Noticed Grunn
 75793 | Zot:2    | Killed Grunn
 75825 | Zot:1    | Reached skill level 15 in Spellcasting
 76438 | Zot:2    | Identified the +11 quarterstaff of Embarrassment {heavy,
                  | rCorr Dex+3}
 76440 | Zot:2    | Found a runed translucent gate.
 76440 | Zot:2    | Found a runed translucent gate.
 76440 | Zot:2    | Found a runed translucent gate.
 76441 | Zot:2    | Noticed Emoisch's ghost (adept MiFi)
 76495 | Zot:2    | You are sucked into a shaft and drop 2 floors!
 76526 | Zot:3    | Noticed a Killer Klown
 76537 | Zot:3    | Killed a Killer Klown
 76815 | Zot:2    | Noticed an orb of fire
 76818 | Zot:2    | Noticed a shard shrike
 76858 | Zot:2    | Killed an orb of fire
 76874 | Zot:2    | Killed a shard shrike
 77024 | Zot:2    | Reached XP level 26. HP: 215/246 MP: 36/42
 77910 | Zot:3    | Reached skill level 22 in Fighting
 78219 | Zot:4    | Noticed an orb of fire
 78220 | Zot:4    | Gained mutation: Your body sometimes deteriorates upon
                  | taking damage. [an orb of fire]
 78227 | Zot:4    | Killed an orb of fire
 79732 | Zot:5    | Entered Level 5 of the Realm of Zot
 79791 | Zot:5    | Noticed an orb of fire
 79794 | Zot:5    | Gained mutation: You are frail. (-10% HP) [an orb of fire]
 79811 | Zot:5    | Killed an orb of fire
 80424 | Zot:5    | Lost mutation: Your flesh is cold resistant. (rC+) [potion
                  | of mutation]
 80424 | Zot:5    | Lost mutation: Your body sometimes deteriorates upon taking
                  | damage. [potion of mutation]
 80424 | Zot:5    | Gained mutation: Your mind is acute. (Int +4, Str/Dex -1)
                  | [potion of mutation]
 80424 | Zot:5    | Gained mutation: You occasionally shout uncontrollably at
                  | your foes. [potion of mutation]
 80425 | Zot:5    | Lost mutation: You occasionally shout uncontrollably at
                  | your foes. [potion of mutation]
 80425 | Zot:5    | Lost mutation: Your mind is acute. (Int +4, Str/Dex -1)
                  | [potion of mutation]
 80425 | Zot:5    | Lost mutation: You are frail. (-10% HP) [potion of
                  | mutation]
 80425 | Zot:5    | Gained mutation: Your natural rate of healing is unusually
                  | fast. [potion of mutation]
 80425 | Zot:5    | Gained mutation: You have a somewhat thin skeletal
                  | structure. (Dex +2, Stealth+) [potion of mutation]
 80448 | Zot:5    | Reached skill level 23 in Fighting
 80952 | Zot:5    | Noticed an orb of fire
 81164 | Zot:5    | Noticed an ancient lich
 81171 | Zot:5    | Killed an ancient lich
 81183 | Zot:5    | Killed an orb of fire
 81289 | Zot:5    | Noticed an orb of fire
 81294 | Zot:5    | Noticed an orb of fire
 81313 | Zot:5    | Killed an orb of fire
 81324 | Zot:5    | Killed an orb of fire
 81550 | Zot:5    | Noticed an orb of fire
 81564 | Zot:5    | Killed an orb of fire
 81618 | Zot:5    | Reached skill level 24 in Fighting
 81859 | Zot:5    | Noticed an orb of fire
 81875 | Zot:5    | Killed an orb of fire
 81948 | Zot:5    | Reached XP level 27. HP: 246/261 MP: 24/42
 82536 | Zot:5    | Noticed a dread lich
 82577 | Zot:5    | Killed a dread lich
 82711 | Zot:5    | Got the Orb of Zot
 82808 | Zot:3    | Noticed Road the pandemonium lord
 82823 | Zot:3    | Killed Road the pandemonium lord
 82902 | Zot:1    | Noticed Veajataj the pandemonium lord
 82992 | Depths:2 | Noticed Raaboug the pandemonium lord
 82992 | Depths:2 | Noticed an ancient lich
 82997 | Depths:2 | Killed Raaboug the pandemonium lord
 82998 | Depths:2 | Reached skill level 25 in Fighting
 82999 | Depths:2 | Killed an ancient lich
 83467 | D:$      | Escaped with the Orb!

Illustrated notes

Levels and vault maps discovered:
D:1:      dpeg_arrival_water_altar, layout_basic, serial_shops, shop
D:2:      layout_loops_ring, nicolae_ecumenical_lake_church
D:3:      layout_basic, nicolae_overflow_crystal_walls, serial_shops,
          shop_statue, shop, nicolae_diamond_shop,
          chequers_serial_rivers_small_b
D:4:      layout_rooms, lemuel_tele_altar, gammafunk_ghost_grave, serial_shops,
          kennysheep_mini
D:5:      layout_basic, mainiacjoe_overflow_boulevard, nemelex_altar_shiori
D:6:      hangedman_cross_stitches, layout_cave_pools,
          minmay_temple_entry_drinking_statues, dk_vineyard_2,
          minmay_misc_feat_five, minmay_misc_feat_enclosed,
          hangedman_decor_push, serial_bayou_lake_a, uniq_eustachio,
          uniq_maggie, uniq_sigmund
D:7:      layout_basic, uniq_duvessa
D:8:      layout_loops_ring, mainiacjoe_overflow_brackets, serial_shops,
          kennysheep_mini_moat, shop_fountains, nicolae_take_the_stairs,
          hellmonk_scale_shop, uniq_gastronok
D:9:      layout_irregular_city, enter_bailey_3, serial_shops,
          nicolae_stop_n_shop_2
D:10:     layout_irregular_city, mainiacjoe_overflow_tiny_flanked,
          grunt_ministairs_15, the_hattery
D:11:     layout_irregular_city, erik_lair_island, nicolae_trove_entry_columns,
          nicolae_stop_n_shop_2
D:12:     layout_cross, david_orc_2
D:13:     layout_cave_pods, grunt_vaults_entry_fortified, zin_statuary,
          uniq_urug
D:14:     layout_loops_cross, fedhas_altar_4
D:15:     gammafunk_enter_depths_forms, layout_basic,
          maelrawn_ghost_gauntlet_escape, okawaru_gym_becter, serial_shops,
          nicolae_shop_stone, grunt_decor_one_mirror
Lair:1:   layout_roguey, basic_altar, amcnicky_mini_pool_medium, uniq_amaemon
Lair:2:   layout_cave_pods, nicolae_swamp_entry_splash_gauntlet, basic_altar,
          gammafunk_ghost_berserking_beasts, grunt_megastairs_4,
          lemuel_fruit_tree
Lair:3:   beast_lair_carwin_large_2, layout_long_grid,
          guppyfry_snake_entry_island, grunt_megastairs_5
Lair:4:   layout_loops_ring, dpeg_slime_entry_enclosed,
          nicolae_volcano_entry_lava_flow, serial_forest,
          infiniplex_forest_clump_medium, infiniplex_forest_clump_small,
          infiniplex_forest_clump_small, infiniplex_forest_clump_small,
          infiniplex_forest_end_1, serial_bayou_ford_a, minmay_lair_oklob_items,
          grunt_megastairs_2
Lair:5:   due_jungle_book, layout_gridlike, minmay_shattered_shrine,
          lemuel_fruit_fields
Swamp:1:  layout_basic_swamp, nicolae_swamp_trees_clearing
Swamp:2:  layout_falls_marsh, evilmike_swamp_ruin_house_2
Swamp:3:  layout_basic_swamp, evilmike_swamp_ruin_house_1,
          nicolae_swamp_small_spring
Swamp:4:  swamp, layout_basic_swamp, hellmonk_ghost_happy_afterlife
Snake:1:  layout_misc_corridors, nicolae_snake_linked_coils, uniq_josephine
Snake:2:  layout_onion_interference, nicolae_shop_vocational, minmay_shop_star
Snake:3:  layout_rooms, serial_bayou_shore_b
Snake:4:  grunt_snake_rune_spirals, layout_concentric_octagons, serial_shops,
          shop
Slime:1:  layout_caves, nicolae_slime_barrier
Slime:2:  layout_caves
Slime:3:  layout_caves
Slime:4:  layout_caves
Slime:5
Orc:1:    layout_diamond_mine, basic_altar, nicolae_orc_rockfall, uniq_fannar,
          uniq_harold
Orc:2:    st_orc_pillars, layout_caves
Elf:1:    eino_elf_arrival_customs, layout_geoelf_octagon,
          minmay_elf_annihilation, nicolae_shop_dragon_depot, st_stairs_11,
          statue_in_the_mist_lemuel
Elf:2:    elven_hall_of_blades_hangedman_alternative [nicolae_blade_tridents],
          layout_geoelf_octagon, serial_glass, glass_columns_a, glass_columns_c
Elf:3:    minmay_elf_hall_curves, layout_onion_city, basic_altar,
          columned_hall_lemuel, grunt_megastairs_1
Vaults:1: nicolae_vaults_network_star, vaults_mumra_hexcomb,
          ontoclasm_vaults_decontamination, nicolae_vaults_little_squares_6,
          v_rooms_1, v_misc_19, vaults_dpeg_ring, vaults_room_corners,
          nicolae_vaults_windows_and_doors_thing, layout_vaults_big_room,
          serial_shops, shop
Vaults:2: minmay_crypt_entry_necro_gods, st_smaller_cells,
          nicolae_vaults_network_quincunx
          [nicolae_vaults_network_quincunx_subvault,
          nicolae_vaults_network_quincunx_subvault,
          nicolae_vaults_network_quincunx_subvault,
          nicolae_vaults_network_quincunx_subvault,
          nicolae_vaults_network_quincunx_subvault], grunt_vaults_focal,
          hangedman_vaults_corner, grunt_vaults_twisty, hangedman_vaults_impose,
          v_rooms_2, v_pattern_5, grunt_vaults_funnel,
          nicolae_vaults_little_squares_2, nicolae_vaults_big_angled_halls,
          v_misc_17, v_misc_15, grunt_vaults_hallway_long,
          layout_vaults_maze_bifur
Vaults:3: special_room_vaults [special_room_orc],
          ontoclasm_vaults_loading_screen, v_alt_pattern_6, v_misc_16,
          vaults_standard_mumra_enter_the_diamond, vaults_room_grid,
          nicolae_vaults_sealed_display, nicolae_vaults_border_crossing,
          layout_vaults_quadrants
Vaults:4: nicolae_vaults_big_ls, nicolae_vaults_fighting_squares,
          vaults_mumra_chevron_long, nicolae_vaults_angled_halls,
          hangedman_vaults_capsules, nicolae_vaults_yaktaur_gun_rack,
          hangedman_vaults_locks, nicolae_vaults_asterisk, v_misc_9,
          v_pattern_1, layout_vaults_omnibox, serial_shops, bzr_entry_safe
Crypt:1:  layout_gridlike, corexii_hall_statues_i,
          roderic_lattice_octagonal_star, uniq_jory, uniq_mennas
Crypt:2:  layout_regular_city, uniq_margery
Crypt:3:  david_glass_crypt, layout_chaotic_city,
          nicolae_tomb_entry_grand_gallery
Depths:1: layout_roguey, rand_demon_pan_entry_5, elyvilon_altar_4, hell_entry,
          bloody_trog, uniq_bai_suzhen
Depths:2: nzn_winding_woodlands_medium [nzn_winding_woodlands_5x5_open_star,
          nzn_winding_woodlands_5x15_default, nzn_winding_woodlands_5x5_three,
          nzn_winding_woodlands_5x5_closed_star,
          nzn_winding_woodlands_center_triple_pond,
          nzn_winding_woodlands_hourglass, nzn_winding_woodlands_5x5_cross,
          nzn_winding_woodlands_5x15_river_crossing,
          nzn_winding_woodlands_5x5_perimeter], layout_cave_pools,
          rand_demon_pan_entry_4, hell_entry, dpeg_stationary_puzzle, uniq_vv,
          uniq_mara
Depths:3: minmay_tearing_corner, layout_gridville, enter_ziggurat_e,
          abyss_entry, nicolae_concentric_dashed_squares_wild, hellmouth_1,
          minmay_strange_pillars, lemuel_old_faithful, uniq_parghit
Depths:4: grunt_zot_entry_bicorn, layout_gridlike, hell_entry,
          corexii_corridor_pit, argonaut_fire_from_heaven
Zot:1:    nicolae_moth_party, layout_misc_corridors, uniq_josephina
Zot:2:    layout_onion_interference, ebering_ghost_rock_garden,
          grunt_ministairs_10, hangedman_elemental_grid_stream, uniq_grunn
Zot:3:    layout_misc_corridors, lemuel_elevator
Zot:4:    layout_gridlike, st_small_dragon_hoard_4, nicolae_lava_and_water
Zot:5:    layout_gridlike

Skill      XL: |  1  2  3  4  5  6  7  8  9 10 11 12 13 14 15 16 17 18 19 20 21 22 23 24 25 26 27 |
---------------+----------------------------------------------------------------------------------+-----
Stealth        | 3 4 0 |  0.0
Fighting       | 1 2 3 4 6 7 10 13 14 15 17 19 20 21 24 25 | 25.2
Poison Magic   | 1 2 3 4 6 8 |  8.6
Air Magic      | 1 2 3 |  3.7
Spellcasting   | 3 5 6 8 10 11 12 13 15 | 15.0
Dodging        | 4 7 8 10 11 12 13 14 16 19 20 22 23 | 23.1
Shields        | 3 4 6 7 8 10 12 | 12.0
Hexes          | 5 |  5.7
Summonings     | 5 8 13 16 17 18 20 22 23 | 23.9
Maces & Flails | 1 |  1.8
Long Blades    | 3 5 6 9 11 13 | 13.9
Translocations | 8 |  8.8
Short Blades   | |  1.6

Action                     |  1- 3 |  4- 6 |  7- 9 | 10-12 | 13-15 | 16-18 | 19-21 | 22-24 | 25-27 || total
---------------------------+-------+-------+-------+-------+-------+-------+-------+-------+-------++-------
  Melee: Dagger            |   147 |    45 |    46 |       |       |       |       |       |       ||   238
         Tailslap          |    17 |    15 |    24 |    58 |   150 |    76 |   192 |   518 |   271 ||  1321
         Staff             |       |    62 |    99 |   294 |   463 |       |       |       |       ||   918
         Punch             |       |     2 |     3 |       |       |       |       |       |       ||     5
         Demon whip        |       |       |       |       |    32 |       |       |       |       ||    32
         Demon blade       |       |       |       |       |    63 |   367 |   698 |  1816 |   897 ||  3841
         Unarmed           |       |       |       |       |       |       |       |       |    12 ||    12
   Cast: Poisonous Vapours |       |    81 |    26 |     3 |       |       |       |       |       ||   110
         Olgreb's Toxic Ra |       |       |    40 |   163 |   183 |    22 |       |     3 |       ||   411
         Summon Guardian G |       |       |       |    33 |    40 |       |       |       |       ||    73
         Tukima's Dance    |       |       |       |    19 |     7 |       |       |       |       ||    26
         Summon Cactus Gia |       |       |       |       |    79 |    66 |    10 |     6 |       ||   161
         Monstrous Menager |       |       |       |       |    28 |   118 |    48 |    19 |       ||   213
         Summon Horrible T |       |       |       |       |       |    21 |    64 |   113 |   119 ||   317
         Malign Gateway    |       |       |       |       |       |       |       |       |    54 ||    54
 Invoke: Sacrifice Drink   |       |       |     1 |       |       |       |       |       |       ||     1
         Power Leap        |       |       |       |     1 |     2 |       |       |       |       ||     3
         Sacrifice Artific |       |       |       |     1 |       |       |       |       |       ||     1
         Reject Sacrifices |       |       |       |     1 |       |       |       |       |       ||     1
         Draw Out Power    |       |       |       |     2 |     2 |     3 |       |     1 |     4 ||    12
         Sacrifice Stealth |       |       |       |     1 |       |       |       |       |       ||     1
         Sacrifice Health  |       |       |       |       |     1 |       |       |       |       ||     1
         Sacrifice Essence |       |       |       |       |     1 |       |       |       |       ||     1
         Apocalypse        |       |       |       |       |       |     3 |     4 |    12 |     5 ||    24
Ability: Breathe Lightning |       |       |     9 |     4 |    12 |     1 |     1 |     2 |     1 ||    30
    Use: Potion            |     2 |       |       |     1 |     1 |     3 |     2 |     6 |    15 ||    30
         Scroll            |     3 |     5 |     9 |    10 |    23 |    10 |     7 |    10 |     7 ||    84
   Stab: Invisible         |     1 |       |       |     2 |     4 |     5 |     7 |    19 |    13 ||    51
         Sleeping          |     9 |     2 |       |     1 |       |       |       |       |       ||    12
         Distracted        |       |       |       |     1 |     4 |     6 |    17 |    25 |    15 ||    68
         Petrified         |       |       |       |       |     7 |       |       |       |       ||     7
         Paralysed         |       |       |       |       |    10 |     2 |    23 |    17 |     2 ||    54
 Armour: Skin              |    55 |    28 |    56 |   111 |   205 |   116 |   118 |   198 |   134 ||  1021
  Dodge: Dodged            |   105 |    61 |   106 |   219 |   542 |   361 |   460 |   986 |   738 ||  3578
  Block: Buckler           |       |       |       |   147 |   426 |   285 |   358 |   608 |   390 ||  2214
         Reflection        |       |       |       |    18 |    44 |    31 |    52 |    40 |    41 ||   226

Table legend: (Time is in decaauts)
 A = Elapsed time spent in this place.
 B = Non-inter-level travel time spent in this place.
 C = Inter-level travel time spent in this place.
 D = Time resting spent in this place.
 E = Time spent auto-exploring this place.
 F = Levels seen in this place.
 G = Mean time per level.
                   A        B        C        D        E       F      G
               +--------+--------+--------+--------+--------+-----+--------+
         Total |  82995 |  75281 |   7714 |   3034 |  55925 |  59 | 1406.7 |
       Dungeon |  23531 |  20001 |   3530 |   1121 |  14729 |  15 | 1568.7 |
          Lair |   9316 |   8423 |    893 |    122 |   6854 |   5 | 1863.2 |
         Swamp |   5196 |   5053 |    143 |    120 |   4213 |   4 | 1299.0 |
     Snake Pit |   4990 |   4654 |    336 |      0 |   3776 |   4 | 1247.5 |
    Slime Pits |   1647 |   1510 |    137 |     11 |    990 |   5 |  329.4 |
  Orcish Mines |   3740 |   3078 |    662 |    125 |   2252 |   2 | 1870.0 |
   Elven Halls |   6833 |   6425 |    408 |    300 |   4855 |   3 | 2277.7 |
        Vaults |   6282 |   5902 |    380 |     14 |   4601 |   4 | 1570.5 |
         Crypt |   4522 |   4259 |    263 |    566 |   2600 |   3 | 1507.3 |
        Depths |   5322 |   4778 |    544 |     28 |   3615 |   4 | 1330.5 |
           Zot |   8444 |   8031 |    413 |    583 |   5419 |   5 | 1688.8 |
         Abyss |    890 |    890 |      0 |     11 |    309 |   2 |  445.0 |
        Bazaar |     41 |     41 |      0 |      0 |     15 |   1 |   41.0 |
        Bailey |   1568 |   1568 |      0 |      0 |   1251 |   1 | 1568.0 |
       Volcano |    668 |    668 |      0 |     32 |    443 |   1 |  668.0 |
               +--------+--------+--------+--------+--------+-----+--------+

Top non-repeatable levels by time:
   Zot:5: 2967 daAuts
   Elf:3: 2788 daAuts
  Lair:5: 2784 daAuts
   Orc:2: 2584 daAuts
    D:13: 2413 daAuts
     D:5: 2377 daAuts
 Snake:4: 2308 daAuts
    D:15: 2165 daAuts
   Elf:1: 2129 daAuts
  Lair:2: 2071 daAuts
   Elf:2: 1914 daAuts
   Zot:1: 1860 daAuts
 Swamp:4: 1843 daAuts
    D:11: 1783 daAuts
 Crypt:3: 1754 daAuts
